 Dungeon Crawl Stone Soup version 0.31-a0-466-g98c9adc2b6 (webtiles) character file.

Game seed: 10154480417537303871

726 Crownlay the Digger (level 7, -1/36 HPs)
             Began as a Gargoyle Earth Elementalist on Aug 5, 2023.
             Was a Follower of Vehumet.
             Killed by divine providence
             ... invoked by an orc priest
              (16 damage)
             ... on level 5 of the Dungeon.
             The game lasted 00:06:52 (4203 turns).

Crownlay the Digger (Gargoyle Earth Elementalist)   Turns: 4203, Time: 00:06:52

Health: -1/36      AC:  7    Str: 11    XL:     7   Next: 72%
Magic:  18/25      EV: 11    Int: 18    God:    Vehumet [*.....]
Gold:   22         SH:  0    Dex: 10    Spells: 13/18 levels left

rFire   x . .        r - +3 halberd
rCold   . . .        (shield currently unavailable)
rNeg    + . .        a - +0 robe
rPois   ∞            o - +0 helmet
rElec   +            (no cloak)
rCorr   .            (no gloves)
SInv    .            (no boots)
Will    .....        (no amulet)
Stlth   ++           h - ring of magical power
HPRegen 0.26/turn    u - ring of wizardry
MPRegen 0.19/turn

%: wizardry (x1)
@: no status effects
A: sickness immunity, AC +4, negative energy resistance 1, electricity
resistance, torment resistance 1, petrification resistance, heat vulnerability 1
a: Renounce Religion


You were on level 5 of the Dungeon.
You worshipped Vehumet.
Vehumet was aware of your devotion.
You visited 2 branches of the dungeon, and saw 6 of its levels.

You collected 148 gold pieces.
You spent 126 gold pieces at shops.

Inventory:

Hand Weapons
 e - a +3 dagger
 r - a +3 halberd (weapon)
Armour
 a - a +0 robe (worn)
 o - a +0 helmet (worn)
Jewellery
 h - a ring of magical power (left hand)
 u - a ring of wizardry (right hand)
Scrolls
 c - 2 scrolls of teleportation
 d - 4 scrolls of identify
 j - 3 scrolls of amnesia {unknown}
 k - 3 scrolls of poison
 m - 2 scrolls of vulnerability
 n - a scroll of fog {unknown}
 p - 2 scrolls of acquirement {unknown}
 s - a scroll of fear {unknown}
 t - a scroll of enchant weapon {unknown}
 w - a scroll of butterflies {unknown}
Potions
 b - 2 potions of magic
 f - a potion of haste {unknown}
 g - 2 potions of heal wounds
 i - a potion of degeneration {unknown}
 l - a potion of cancellation {unknown}
 q - 2 potions of curing {unknown}
 v - a potion of ambrosia {unknown}


   Skills:
 - Level 1.5 Dodging
 - Level 2.1 Stealth
 * Level 6.4 Spellcasting
 - Level 0.7 Transmutations
 + Level 6.8 Earth Magic


You had 13 spell levels left.
You knew the following spells:

 Your Spells              Type           Power      Damage    Failure   Level
a - Sandblast             Erth           60%        2d14      1%          1
b - Freeze                Ice            20%        1d4       4%          1
c - Stone Arrow           Conj/Erth      36%        3d9       3%          3

Your spell library contained the following spells:

 Spells                   Type           Power      Damage    Failure   Level
 Shock                    Conj/Air       20%        1d4       4%          1
 Passwall                 Tmut/Erth      15%        N/A       1%          2
 Necrotise                Necr           20%        1d5       4%          1
 Slow                     Hex            20%        N/A       4%          1
 Static Discharge         Conj/Air       10%        2-3/arc   7%          2
 Petrify                  Tmut/Erth      19%        N/A       10%         4
 Confusing Touch          Hex            5%         N/A       14%         3
 Frozen Ramparts          Ice            10%        1d2       14%         3
 Hailstorm                Conj/Ice       5%         3d4       14%         3
 Vampiric Draining        Necr           5%         2d6       14%         3
 Airstrike                Air            2%         2d(1-17)  41%         4
 Summon Lightning Spire   Summ/Air       5%         N/A       41%         4
 Agony                    Necr           5%         N/A       75%         5


Dungeon Overview and Level Annotations

Branches:
Dungeon (5/15)             Temple (1/1) D:4

Altars:
Ashenzari
Cheibriados
Dithmenos
Elyvilon
Fedhas
Gozag
Hepliaklqana
Kikubaaqudgha
Makhleb
Nemelex Xobeh
Okawaru
Qazlal
Uskayaw
Vehumet
Wu Jian
Xom
Yredelemnul

Shops:
D:4 ?


Innate Abilities, Weirdness & Mutations

You are immune to sickness and miasma.
Your stone body is resilient. (AC +4)
You are immune to poison.
You resist negative energy. (rN+)
You are resistant to electric shocks. (rElec)
You are resistant to unholy torment.
You are immune to petrification.
You are vulnerable to heat. (rF-)


Message History

An orc comes into view. It is wielding a +0 war axe.
The orc priest calls upon Beogh to heal the orc priest.
The orc priest is healed somewhat.
Casting: Sandblast (safe; 1% risk of failure)
Confirm with . or Enter, or press ? or * to list all spells.
Aiming: Sandblast (safe; 1% risk of failure)
Press: ? - help, Shift-Dir - straight line, f - orc priest
Aim: an orc priest, wielding a +0 dagger (lightly wounded, 83% to hit)
The blast of sand hits the orc priest!
The orc priest is severely wounded.
The orc priest looks braver for a moment.
The orc priest hits you but does no damage.
An orc comes into view. It is wielding a +0 club.
The orc priest closely misses you.
Casting: Sandblast (safe; 1% risk of failure)
Confirm with . or Enter, or press ? or * to list all spells.
Aiming: Sandblast (safe; 1% risk of failure)
Press: ? - help, Shift-Dir - straight line, f/p - orc priest
Aim: an orc priest, wielding a +0 dagger (severely wounded, 83% to hit)
The blast of sand hits the orc priest!
You kill the orc priest!
Vehumet accepts your kill.
Casting: Sandblast (safe; 1% risk of failure)
Confirm with . or Enter, or press ? or * to list all spells.
Aiming: Sandblast (safe; 1% risk of failure)
Press: ? - help, Shift-Dir - straight line, f - orc
Aim: an orc, wielding a +0 flail (84% to hit)
The blast of sand hits the orc!!
You kill the orc!
Vehumet accepts your kill.
An orc comes into view. It is wielding a +0 club.
The orc priest calls down the wrath of Beogh upon you.
Beogh smites you!
* * * LOW HITPOINT WARNING * * *
You hear a shout!
It was a potion of heal wounds.
You feel much better.
You hear a shout!
The orc priest mumbles some strange prayers to Beogh against you.
Beogh smites you!
You die...

..........##.........†...
..........#..###########.
...........## #.
.#......## #. #8#....##
## ##.### #.## #..# ##@#
#o# #o#


.oo .o. ...## .... # ..#.. # # You could see an orc priest and 4 orcs.

Vanquished Creatures
  An ogre (D:4)
  2 phantoms
  2 scorpions
  A jelly (D:4)
  An orc priest (D:5)
  2 hounds
  Terence (D:3)
  2 orc wizards (D:5)
  5 gnolls
  3 adders
  An ufetubus (D:5)
  5 worms
  6 dart slugs
  8 orcs
  10 endoplasms
  2 giant cockroaches (D:4)
  5 goblins
  2 hobgoblins
  6 jackals (D:1)
  10 ball pythons
  6 bats
  3 frilled lizards
  6 kobolds
  4 rats
94 creatures vanquished.

Notes
Turn   | Place    | Note
-------+----------+-------------------------------------------
     0 | D:1      | Crownlay the Gargoyle Earth Elementalist began the quest
                  | for the Orb.
     0 | D:1      | Reached XP level 1. HP: 10/10 MP: 3/3
   248 | D:1      | Reached XP level 2. HP: 15/15 MP: 3/5
   623 | D:1      | Reached XP level 3. HP: 19/19 MP: 5/7
   625 | D:1      | Learned a level 1 spell: Freeze
   629 | D:1      | Learned a level 3 spell: Stone Arrow
  1669 | D:2      | You fall into a shaft and drop 2 floors!
  1669 | D:4      | Found a staircase to the Ecumenical Temple.
  1682 | D:4      | Noticed an ogre
  1693 | D:4      | Killed an ogre
  1694 | D:4      | Reached skill level 5 in Earth Magic
  1694 | D:4      | Reached XP level 4. HP: 24/24 MP: 10/10
  1694 | D:4      | Reached XP level 5. HP: 28/28 MP: 11/11
  1721 | Temple   | Entered the Ecumenical Temple
  1732 | Temple   | Became a worshipper of Vehumet
  1752 | D:3      | Found a faded altar of an unknown god.
  1798 | D:3      | Prayed at the altar of an unknown god.
  1798 | D:3      | Fell from the grace of Vehumet
  1798 | D:3      | Became a worshipper of Xom the Chaotic
  1824 | D:3      | Reached XP level 6. HP: 32/32 MP: 13/13
  1858 | Temple   | Fell from the grace of Xom
  1858 | Temple   | Became a worshipper of Vehumet
  1892 | D:3      | XOM: scenery: create altars
  2018 | D:3      | Noticed Terence
  2030 | D:3      | Killed Terence
  2173 | D:2      | XOM: summons 4 hostile demons
  2625 | D:3      | Reached skill level 5 in Spellcasting
  2813 | D:3      | XOM: summons 4 hostile shadow creatures
  3373 | D:4      | Found a shimmering altar of Xom.
  3494 | D:4      | Reached * piety under Vehumet
  3494 | D:4      | Offered knowledge of Shock by Vehumet.
  3530 | D:4      | XOM: give mutation
  3530 | D:4      | Gained mutation: You are vulnerable to heat. (rF-) [Xom's
                  | mischief]
  3625 | D:4      | Reached XP level 7. HP: 33/36 MP: 15/15
  3674 | D:4      | Found Uzxun's Magic Scroll Shop.
  3680 | D:4      | Bought a scroll of teleportation for 42 gold pieces
  3680 | D:4      | Bought a scroll of identify for 28 gold pieces
  3680 | D:4      | Bought a scroll of vulnerability for 56 gold pieces
  4001 | D:5      | Entered Level 5 of the Dungeon
  4203 | D:5      | Killed from afar by an orc priest

Illustrated notes

Levels and vault maps discovered:
D:1:      heliophobic_arrival_ceremonial_halls, layout_basic
D:2:      layout_basic, minmay_misc_feat_alley
D:3:      layout_basic, ebering_ecumenical_altar_sacrificial,
          nicolae_hexahallways, uniq_terence
D:4:      layout_loops_ring, mainiacjoe_overflow_catwalk, temple_pool_b,
          serial_shops, nicolae_shop_crystal, dreamdust_gnoll_farm
D:5:      layout_loops_ring, corexii_corridor_pit,
          hangedman_abyss_or_decor_stagger, kennysheep_decorative_pillar
Temple:   nicolae_temple_slightly_damp_pantheon

Skill      XL: |  1  2  3  4  5  6  7 |
---------------+----------------------+-----
Earth Magic    | 4 5 6 |  6.8
Spellcasting   | 4 5 6 |  6.4
Dodging        | |  1.5
Stealth        | |  2.1
Transmutations | |  0.7

Action                     |  1- 3 |  4- 6 |  7- 9 || total
---------------------------+-------+-------+-------++-------
  Melee: Unarmed           |    16 |       |       ||    16
   Cast: Sandblast         |    57 |    82 |    26 ||   165
         Freeze            |       |     7 |       ||     7
    Use: Scroll            |       |     1 |       ||     1
         Potion            |       |       |     1 ||     1
 Armour: Robe              |    27 |    15 |     5 ||    47
  Dodge: Dodged            |    37 |    35 |    10 ||    82

Table legend: (Time is in decaauts)
 A = Elapsed time spent in this place.
 B = Non-inter-level travel time spent in this place.
 C = Inter-level travel time spent in this place.
 D = Time resting spent in this place.
 E = Time spent auto-exploring this place.
 F = Levels seen in this place.
 G = Mean time per level.
                   A        B        C        D        E       F      G
               +--------+--------+--------+--------+--------+-----+--------+
         Total |   4299 |   4157 |    142 |      0 |   3511 |   6 |  716.5 |
       Dungeon |   4253 |   4129 |    124 |      0 |   3511 |   5 |  850.6 |
        Temple |     45 |     27 |     18 |      0 |      0 |   1 |   45.0 |
               +--------+--------+--------+--------+--------+-----+--------+

Top non-repeatable levels by time:
     D:1: 1237 daAuts
     D:3: 1014 daAuts
     D:2: 896 daAuts
     D:4: 891 daAuts
     D:5: 214 daAuts
  Temple: 45 daAuts
